 Dungeon Crawl Stone Soup version 0.19-a0-1933-g052ff51 (webtiles) character file.

267 Kaname the Grave Robber (level 6, -1/48 HPs)
             Began as a Demonspawn Necromancer on Oct 26, 2016.
             Slain by a centaur skeleton (6 damage)
             ... on level 4 of the Dungeon.
             The game lasted 00:09:58 (3711 turns).

Kaname the Grave Robber (Demonspawn Necromancer)    Turns: 3711, Time: 00:09:58

Health: -1/48      AC:  4    Str:  8    XL:     6   Next: 0%
Magic:  9/9        EV: 12    Int: 18    God:
Gold:   97         SH:  0    Dex: 14    Spells: 4 memorised, 1 level left

rFire  . . .     SeeInvis .     v - +1 short sword (drain)
rCold  + . .     Gourm    .     a - +0 robe
rNeg   . . .     Faith    .     (no shield)
rPois  .         Spirit   .     (helmet restricted)
rElec  .         Reflect  .     (no cloak)
rCorr  .         Harm     .     (no gloves)
MR     .....                    (no boots)
Stlth  ++........               (no amulet)
                                (no ring)
                                (no ring)

@: no status effects
A: antennae 1, molten scales 1, cold resistance 1, freezing cloud immunity
a: no special abilities


You were on level 4 of the Dungeon.
You were very hungry.

You visited 1 branch of the dungeon, and saw 4 of its levels.

You collected 194 gold pieces.
You spent 97 gold pieces at shops.

Inventory:

Hand Weapons
 v - a +1 short sword of draining (weapon)
Missiles
 f - a throwing net (quivered)
Armour
 a - a +0 robe (worn)
Wands
 t - a wand of iceblast (3/15)
Scrolls
 e - 2 scrolls of immolation
 h - 2 scrolls of remove curse
 k - a scroll of random uselessness {unknown}
 l - a scroll of enchant armour {unknown}
 p - a scroll of magic mapping
 q - 2 scrolls of teleportation {unknown}
 r - a scroll of enchant weapon
 u - a scroll of recharging {unknown}
Potions
 d - 2 potions of lignification
 i - 2 potions of heal wounds
 m - a potion of beneficial mutation
 n - a potion of curing
 o - 2 potions of flight
 s - a potion of cure mutation {unknown}
Books
 b - a book of Necromancy

   Spells                             Type                      Level
   a - Pain                           Necromancy                   1
   b - Animate Skeleton               Necromancy                   1
   c - Vampiric Draining              Necromancy                   3
   d - Regeneration                   Charms/Necromancy            3
   e - Animate Dead                   Necromancy                   4
   f - Control Undead                 Necromancy                   4
Comestibles
 c - 4 bread rations
 g - 4 fruits
 j - 2 meat rations


   Skills:
 - Level 4.1 Fighting
 - Level 1.7 Dodging
 - Level 1.7 Stealth
 + Level 2.4 Spellcasting
 - Level 6.1 Necromancy


You had one spell level left.
You knew the following spells:

 Your Spells              Type           Power        Failure   Level  Hunger
a - Pain                  Necr           ###.         1%          1    #......
b - Vampiric Draining     Necr           ###.......   4%          3    ###....
c - Animate Skeleton      Necr           N/A          1%          1    #......
d - Regeneration          Chrm/Necr      ##........   17%         3    ###....


Dungeon Overview and Level Annotations

Branches:
Dungeon (4/15)
 Temple: D:4-7

Altars:
Ashenzari
Kikubaaqudgha
Sif Muna
Yredelemnul

Shops:
D:4 [!!(

Annotations:
D:3 Kaname's ghost, amateur DsEE


Innate Abilities, Weirdness & Mutations

You have a pair of small antennae on your head.
You are partially covered in molten scales. (AC +2)
Your flesh is cold resistant. (rC+)
You are immune to freezing clouds.


Message History

The centaur skeleton hits you but does no damage.
The centaur skeleton barely misses you.
The centaur skeleton hits you but does no damage.
The centaur skeleton closely misses you.
The centaur skeleton misses you.
The centaur skeleton hits you but does no damage.
The centaur skeleton hits you.
* * * LOW HITPOINT WARNING * * *
The centaur skeleton hits you but does no damage.
The centaur skeleton hits you but does no damage.
The centaur skeleton barely misses you.
The centaur skeleton completely misses you.
The centaur skeleton closely misses you.
The centaur skeleton hits you.
* * * LOW HITPOINT WARNING * * *
The centaur skeleton hits you.
* * * LOW HITPOINT WARNING * * *
The centaur skeleton hits you but does no damage.
The centaur skeleton hits you.
You die...

.....#......#
.....#......# ....
.....#......# ....
.....'......# .....
.....#......# .....
.....#......# .....
.....##+##########...
.................Z#
#####...........@.#
....#.............#
....#.............#
....#.............#
....#.....#########
....'.....#
....#.....#
....#.....#
....#.....#########


You could see a centaur skeleton.

Vanquished Creatures
  A centaur skeleton (D:4)
  2 orc wizards (D:3)
  Jessica (D:3)
  A worker ant (D:4)
  A hound skeleton (D:4)
  5 adders
  A worm (D:4)
  A dart slug (D:2)
  4 leopard geckos
  6 orcs
  3 ball pythons
  2 giant cockroaches
  3 goblins
  7 hobgoblins
  8 kobolds
  6 bats
  8 frilled lizards
  5 rats
65 creatures vanquished.

Notes
Turn   | Place    | Note
-------+----------+-------------------------------------------
     0 | D:1      | Kaname the Demonspawn Necromancer began the quest for the Orb.
     0 | D:1      | Reached XP level 1. HP: 13/13 MP: 3/3
   365 | D:1      | Gained mutation: Your flesh is cold resistant. (rC+) [demonic ancestry]
   365 | D:1      | Reached XP level 2. HP: 14/19 MP: 5/5
   462 | D:1      | Reached skill level 5 in Necromancy
  1107 | D:2      | Gained mutation: You are immune to freezing clouds. [demonic ancestry]
  1107 | D:2      | Reached XP level 3. HP: 19/24 MP: 0/6
  1212 | D:2      | Learned a level 3 spell: Vampiric Draining
  1466 | D:2      | Learned a level 1 spell: Animate Skeleton
  1606 | D:2      | Reached skill level 6 in Necromancy
  1784 | D:2      | Found a basalt altar of Yredelemnul.
  1879 | D:2      | Gained mutation: You are partially covered in molten scales. (AC +2) [demonic ancestry]
  1879 | D:2      | Reached XP level 4. HP: 18/31 MP: 7/7
  2094 | D:3      | Reached skill level 1 in Fighting
  2150 | D:3      | Found an ancient bone altar of Kikubaaqudgha.
  2310 | D:3      | Found a shattered altar of Ashenzari.
  2654 | D:3      | Noticed Jessica
  2654 | D:3      | Noticed Kaname's ghost (amateur DsEE)
  2803 | D:3      | Killed Jessica
  2808 | D:3      | Found a deep blue altar of Sif Muna.
  2980 | D:3      | Reached XP level 5. HP: 17/40 MP: 1/8
  3327 | D:4      | Found Kiteog's Distillery.
  3331 | D:4      | Found Weedgh's Distillery.
  3335 | D:4      | Bought a potion of heal wounds for 55 gold pieces
  3342 | D:4      | Bought a potion of flight for 42 gold pieces
  3353 | D:4      | Learned a level 3 spell: Regeneration
  3441 | D:4      | Found Ogaurch's Antique Armour Shoppe.
  3475 | D:4      | Gained mutation: You have a pair of small antennae on your head. [demonic ancestry]
  3475 | D:4      | Reached XP level 6. HP: 39/48 MP: 5/9
  3666 | D:4      | Found Uraj's Weapon Shoppe.
  3711 | D:4      | Slain by a centaur skeleton

Vault maps used:
D:1:      dpeg_arrival_three_same_balls
D:2:      yredelemnul_altar_generic
D:3:      tgw_sif, old_standard_altar, evilmike_ruin_ashenzari
D:4:      serial_shops, kennysheep_little_box, shop, nicolae_shop_behind_doors,
          shop, shop

Skill      XL: |  1  2  3  4  5 |
---------------+----------------+-----
Necromancy     | 5 6 |  6.1
Fighting       | 2 4 |  4.1
Dodging        | |  1.7
Stealth        | |  1.7
Spellcasting   | |  2.4

Action                   |  1- 3 |  4- 6 || total
-------------------------+-------+-------++-------
Melee: Hand axe          |    82 |    33 ||   115
       Morningstar       |       |    33 ||    33
       Short sword       |       |    21 ||    21
 Cast: Pain              |    19 |     5 ||    24
       Vampiric Draining |     4 |     7 ||    11
  Use: Scroll            |     3 |     6 ||     9
 Stab: Sleeping          |     3 |       ||     3
       Distracted        |     1 |       ||     1
  Eat: Chunk             |     4 |     4 ||     8
       Pizza             |       |     1 ||     1
Armor: Robe              |     9 |    38 ||    47
Dodge: Dodged            |    66 |    62 ||   128
